 Dungeon Crawl Stone Soup version 0.18.1-50-g88ac8fd (webtiles) character file.

24 mopl the Caller (level 2, -2/15 HPs)
             Began as a Deep Elf Summoner on July 18, 2019.
             Slain by a gnoll
             ... wielding a +0 halberd
              (17 damage)
             ... on level 2 of the Dungeon.
             The game lasted 00:01:37 (838 turns).

mopl the Caller (Deep Elf Summoner)                  Turns: 838, Time: 00:01:38

Health: -2/15      AC:  2    Str:  5    XL:     2   Next: 79%
Magic:  3/9        EV: 13    Int: 19    God:
Gold:   75         SH:  0    Dex: 15    Spells: 2 memorised, 6 levels left

rFire  . . .     SeeInvis .     a - +0 spear
rCold  . . .     Gourm    .     h - +0 robe
rNeg   . . .     Faith    .     (no shield)
rPois  .         Spirit   .     (no helmet)
rElec  .         Dismiss  .     (no cloak)
rCorr  .         Reflect  .     (no gloves)
SustAt .         Harm     .     (no boots)
MR     .....                    (no amulet)
Stlth  ++........               (no ring)
                                (no ring)

@: very slightly contaminated, not resistant to hostile enchantments, unstealthy
A: no striking features
a: no special abilities


You were on level 2 of the Dungeon.
You were not hungry.

You visited 1 branch of the dungeon, and saw 2 of its levels.

You collected 75 gold pieces.

Inventory:

Hand Weapons
 a - a +0 spear (weapon)
Armour
 g - a cursed +0 ring mail
 h - a +0 robe (worn)
Scrolls
 d - a scroll of fear {unknown}
 e - a scroll of magic mapping {unknown}
 f - a scroll of immolation {unknown}
 m - a scroll of random uselessness {unknown}
Potions
 i - 2 potions of resistance {unknown}
 j - a potion of curing {unknown}
Books
 b - a book of Callings

   Spells                             Type                      Level
   a - Summon Small Mammal            Summoning                    1
   b - Call Imp                       Summoning                    2
   c - Call Canine Familiar           Summoning                    3
   d - Summon Guardian Golem          Hexes/Summoning              3
   e - Summon Lightning Spire         Summoning/Air                4
   f - Summon Ice Beast               Ice/Summoning                4
Comestibles
 c - 2 bread rations
 k - a chunk of flesh
 l - a meat ration


   Skills:
 - Level 2.4 Dodging
 - Level 2.4 Stealth
 + Level 4.1 Spellcasting
 + Level 4.8 Summonings


You had 6 spell levels left.
You knew the following spells:

 Your Spells              Type           Power        Failure   Level  Hunger
a - Summon Small Mammal   Summ           ###.         1%          1    None
b - Call Imp              Summ           ###.....     3%          2    ##.....


Dungeon Overview and Level Annotations

Branches:
Dungeon (2/15)

Altars:
Nemelex Xobeh


Message History

Your crimson imp blinks!
Unknown command.
Your white imp gestures at the gnoll.
The puff of frost misses the gnoll.
Attack whom?
Press: ? - help, Dir - move target cursor, f - gnoll
Aim: a gnoll, wielding a club You reach to attack!
You hit the gnoll.
The gnoll is lightly wounded.
Your white imp hits the gnoll.
Your white imp freezes the gnoll.
Your white imp gestures at the gnoll.
The puff of frost hits the gnoll.
The gnoll dies!
Attack whom?
Press: ? - help, Dir - move target cursor, f - gnoll
Aim: a gnoll, wielding a halberd You could not reach far enough!
The gnoll hits you from afar with a halberd!
Ouch! That really hurt!
You die...

.##########+## .#...#
#..... .....# +.....
#....#+######.....
#.....(...........
#..............###
#5..#.........##.#
#...+.........#...
#@..#.......####.#
#55........##..#'#
#g#.#.##.#.#...')'
#g#.#.##.#.##.##.#
..#.#.##.#..###.#.
...#.#.##+#......#.
.#..#.#.#........###
.........+...........
##
##...#.#...........


You could see 2 gnolls, a friendly crimson imp and 2 friendly white imps.

Vanquished Creatures
  An orc (D:2)
  A hobgoblin (D:1)
  A kobold (D:1)
  A giant newt (D:1)
  A rat (D:2)
5 creatures vanquished.

Vanquished Creatures (collateral kills)
  A gnoll (D:2)
  An ooze (D:2)
  A worm (D:2)
  A dart slug (D:1)
  A giant gecko (D:1)
  2 goblins (D:1)
  A hobgoblin (D:1)
  A kobold (D:1)
  3 bats
12 creatures vanquished.

Grand Total: 17 creatures vanquished

Notes
Turn   | Place    | Note
--------------------------------------------------------------
     0 | D:1      | mopl the Deep Elf Summoner began the quest for the Orb.
     0 | D:1      | Reached XP level 1. HP: 10/10 MP: 6/6
   508 | D:1      | Reached XP level 2. HP: 7/15 MP: 4/8
   654 | D:1      | Learned a level 2 spell: Call Imp
   793 | D:2      | Found a sparkling altar of Nemelex Xobeh.
   806 | D:2      | Reached skill level 4 in Spellcasting
   838 | D:2      | Slain by a gnoll

Skill      XL: |  1  2 |
---------------+-------+-----
Spellcasting   | 4 |  4.1
Dodging        | |  2.4
Stealth        | |  2.4
Summonings     | |  4.8

Action                   || total
-------------------------++-------
Melee: Spear             ||    22
       Unarmed           ||     5
 Cast: Summon Small Mamm ||    12
       Call Imp          ||     4
 Stab: Distracted        ||     2
       Sleeping          ||     1
Armor: Robe              ||     4
Dodge: Dodged            ||    22
